Map: Galactic Process LE

Players

hydra

  • Race: Zerg Zerg
  • League: Platinum

Neeblet (Neeb) - Winner!

  • Race: Protoss Protoss
  • League: Master

Event: DreamHack ZOWIE Open Valencia 2016

VOD

https://www.youtube.com/watch?v=ms3rM9B9Jcw

Description

Time

  • Played on: July 15, 2016, 2:02 p.m.
  • Length: 13:56

All games in this series

Show
View Real Time Build Order
Export as new Build Order

hydra Zerg 

Build Orders: Hatch First, Lurkers 

Get SALT Encoding   

  12  0:00  Drone  
  13  0:12  Overlord  
  13  0:16  Drone  
  14  0:31  Drone x2  
  14  0:34  Drone  
  17  0:52  Hatchery  
  17  0:54  Drone  
  17  0:57  Drone  
  18  1:06  Drone  
  18  1:08  Extractor  
  18  1:17  Drone  
  19  1:19  Spawning Pool  
  18  1:28  Drone  
  19  1:44  Hatchery  
  19  1:46  Drone  
  19  1:52  Drone  
  20  2:06  Queen  
  20  2:07  Zergling x2  
  23  2:10  Metabolic Boost  
  23  2:15  Drone  
  24  2:17  Drone  
  24  2:20  Drone  
  26  2:23  Drone  
  26  2:27  Overlord  
  27  2:32  Drone  
  28  2:45  Zergling x2, Queen  
  28  2:46  Zergling x2  
  28  2:51  Queen  
  34  2:54  Drone  
  34  2:56  Drone  
  34  2:58  Drone  
  37  3:02  Drone  
  37  3:04  Drone  
  38  3:08  Drone  
  38  3:09  Drone  
  40  3:14  Drone  
  40  3:16  Drone  
  40  3:18  Overlord  
  42  3:24  Overlord  
  42  3:33  Overlord  
  42  3:35  Queen  
  42  3:36  Drone  
  42  3:37  Drone x3  
  42  3:38  Drone  
  42  3:39  Drone  
  50  3:44  Lair  
  50  3:50  Drone  
  50  3:53  Drone  
  50  3:54  Drone  
  53  3:55  Extractor  
  53  3:56  Drone, Extractor x2  
  53  3:58  Drone  
  53  3:59  Drone  
  53  4:01  Drone x3  
  56  4:04  Drone  
  56  4:05  Drone  
  56  4:06  Overlord  
  58  4:10  Drone  
  58  4:13  Drone  
  60  4:23  Overlord  
  60  4:24  Zergling x10  
  61  4:26  Spine Crawler  
  61  4:28  Overlord  
  64  4:32  Zergling x2  
  64  4:35  Zergling x4, Drone x2  
  64  4:36  Zergling x4  
  71  4:41  Hydralisk Den  
  71  4:42  Zergling x4, Overseer  
  72  4:45  Zergling x2  
  72  4:52  Zergling x4  
  75  4:56  Zergling x6  
  75  4:57  Zergling x2  
  79  5:00  Zergling x2  
  79  5:06  Zergling x14  
  84  5:12  Drone x2  
  75  5:19  Drone  
  70  5:21  Drone  
  70  5:24  Lurker Den  
  69  5:29  Evolution Chamber, Drone x2  
  69  5:30  Drone x2  
  69  5:34  Drone  
  73  5:36  Overlord x2  
  73  5:37  Overlord  
  73  5:40  Drone  
  73  5:41  Drone x3  
  77  5:46  Hydralisk x2  
  78  5:53  Hydralisk x2  
  78  5:55  Overlord  
  79  5:58  Hydralisk x2  
  79  6:01  Zerg Missile Weapons Level 1  
  79  6:03  Drone  
  79  6:04  Extractor  
  81  6:05  Drone, Extractor  
  81  6:06  Drone  
  81  6:10  Drone  
  81  6:11  Drone  
  84  6:12  Drone x3  
  84  6:13  Drone  
  84  6:14  Drone  
  84  6:15  Drone  
  90  6:21  Hydralisk x2  
  90  6:24  Overlord  
  94  6:29  Hydralisk  
  94  6:31  Overlord, Overseer  
  96  6:35  Hydralisk x3  
  96  6:36  Overseer  
  102  6:43  Hydralisk x3  
  108  6:51  Lurker x4  
  108  6:54  Drone  
  113  6:55  Lurker  
  114  7:06  Zergling x24, Muscular Augments  
  126  7:16  Hatchery  
  124  7:22  Hydralisk  
  124  7:23  Hydralisk  
  124  7:26  Lurker  
  129  7:30  Overlord x3  
  129  7:31  Overlord  
  128  7:44  Hydralisk x7  
  118  7:52  Hydralisk x4  
  118  7:57  Hydralisk  
  122  7:59  Zergling x2  
  122  8:05  Hydralisk  
  123  8:08  Lurker, Hydralisk  
  123  8:11  Hydralisk  
  130  8:15  Zergling x2  
  130  8:18  Queen  
  133  8:21  Hydralisk x2  
  131  8:28  Hydralisk  
  131  8:29  Hydralisk x2  
  131  8:31  Zergling x16  
  139  8:43  Hydralisk x4  
  135  8:50  Hydralisk x3  
  135  8:52  Zergling x2  
  121  8:58  Hydralisk x2  
  121  9:02  Hydralisk  
  118  9:03  Hydralisk  
  118  9:06  Zergling x2  
  118  9:07  Zergling x12  
  127  9:10  Lurker  
  127  9:13  Hydralisk  
  122  9:17  Zergling x4  
  122  9:22  Hydralisk x3  
  130  9:27  Zergling x2  
  129  9:31  Hydralisk  
  129  9:32  Hydralisk x2  
  126  9:38  Zergling x10  
  126  9:39  Zergling x8  
  126  9:40  Zergling x2  
  126  9:41  Zergling x2  
  126  9:44  Hydralisk  
  126  9:45  Hydralisk  
  117  9:49  Hydralisk x2  
  117  9:52  Zergling x2  
  108  9:59  Lurker  
  106  10:00  Lurker  
  106  10:02  Hydralisk  
  106  10:04  Zergling x8  
  106  10:05  Zergling x2  
  114  10:08  Zerg Melee Weapons Level 1  
  114  10:10  Drone x3  
  114  10:16  Hydralisk x2  
  114  10:20  Drone x2  
  120  10:22  Extractor  
  120  10:23  Extractor  
  120  10:27  Drone x2  
  120  10:28  Drone x2  
  121  10:29  Drone  
  121  10:30  Lurker x2  
  121  10:33  Hydralisk  
  127  10:40  Hydralisk x3  
  133  10:47  Hydralisk  
  133  10:48  Hydralisk x2  
  138  10:52  Hydralisk  
  138  10:54  Hydralisk  
  138  10:56  Zergling x4  
  142  11:04  Hydralisk x3  
  135  11:10  Hydralisk x3  
  141  11:12  Hydralisk  
  141  11:15  Zergling x4  
  121  11:28  Hydralisk  
  121  11:29  Hydralisk x4  
  121  11:32  Spore Crawler  
  129  11:37  Hydralisk x3  
  135  11:42  Zergling x8  
  139  11:50  Hydralisk x3  
  139  11:53  Hydralisk  
  128  11:55  Zergling x4  
  128  11:56  Zergling x2  
  128  12:01  Hydralisk x2  
  112  12:07  Hydralisk  
  112  12:08  Hydralisk  
  113  12:09  Lurker  
  113  12:11  Lurker  
  113  12:14  Lurker  
  113  12:15  Drone x2  
  118  12:16  Drone  
  118  12:19  Hydralisk x2  
  121  12:23  Hydralisk  
  121  12:28  Hydralisk x2  
  127  12:31  Hydralisk  
  128  12:41  Hydralisk  
  128  12:42  Hydralisk x3  
  136  12:51  Hatchery  
  134  12:58  Hydralisk  
  134  12:59  Hydralisk x2  
  140  13:06  Overseer  
  140  13:09  Overlord x2  
  140  13:24  Zergling x8  
Show
View Real Time Build Order
Export as new Build Order

Neeblet Protoss - Winner!

Build Orders: 1 Gate Expand 

Get SALT Encoding   

  12  0:01  Probe (Chrono Boost)  
  13  0:11  Probe (Chrono Boost)  
  14  0:19  Pylon  
  14  0:22  Probe (Chrono Boost)  
  15  0:37  Probe (Chrono Boost)  
  15  0:39  Gateway  
  16  0:48  Probe (Chrono Boost)  
  17  0:58  Probe (Chrono Boost)  
  17  0:59  Assimilator  
  18  1:09  Probe (Chrono Boost)  
  19  1:20  Nexus  
  19  1:23  Probe (Chrono Boost)  
  20  1:32  Cybernetics Core  
  20  1:36  Probe (Chrono Boost)  
  21  1:42  Assimilator  
  21  1:46  Probe (Chrono Boost)  
  22  1:51  Pylon  
  22  1:57  Warp Gate, Probe (Chrono Boost)  
  23  2:06  Adept  
  23  2:11  Probe (Chrono Boost)  
  27  2:23  Probe (Chrono Boost)  
  27  2:24  Twilight Council  
  27  2:30  Stalker  
  27  2:33  Probe (Chrono Boost)  
  27  2:35  Probe (Chrono Boost)  
  32  2:45  Probe (Chrono Boost)  
  32  2:47  Probe (Chrono Boost), Resonating Glaives  
  33  2:57  Probe (Chrono Boost)  
  35  2:59  Probe (Chrono Boost)  
  35  3:01  Gateway  
  35  3:09  Probe (Chrono Boost)  
  35  3:12  Probe (Chrono Boost)  
  37  3:14  Gateway  
  37  3:17  Adept  
  39  3:21  Probe (Chrono Boost)  
  39  3:25  Probe (Chrono Boost)  
  41  3:28  Pylon  
  43  3:35  Mothership Core (Chrono Boost)  
  43  3:37  Probe (Chrono Boost)  
  45  3:49  Probe (Chrono Boost)  
  45  3:54  Probe (Chrono Boost)  
  46  3:56  Pylon  
  46  4:02  Probe (Chrono Boost)  
  47  4:03  Adept x2  
  47  4:05  Probe (Chrono Boost)  
  47  4:07  Pylon  
  47  4:08  Pylon, Adept  
  54  4:22  Nexus  
  54  4:29  Pylon, Adept x2  
  54  4:30  Adept  
  61  4:33  Probe x2 (Chrono Boost)  
  62  4:43  Probe (Chrono Boost)  
  62  4:44  Robotics Facility  
  62  4:45  Probe (Chrono Boost)  
  64  4:49  Robotics Facility  
  64  4:54  Probe (Chrono Boost)  
  64  4:59  Sentry x2  
  70  5:00  Probe (Chrono Boost)  
  70  5:02  Assimilator  
  70  5:03  Assimilator  
  70  5:06  Probe (Chrono Boost)  
  71  5:12  Probe (Chrono Boost)  
  70  5:17  Probe (Chrono Boost)  
  65  5:23  Forge  
  65  5:24  Probe (Chrono Boost)  
  65  5:26  Sentry, Adept  
  65  5:27  Adept, Probe (Chrono Boost)  
  65  5:29  Immortal  
  71  5:38  Immortal  
  72  5:47  Protoss Ground Weapons Level 1  
  72  5:50  Adept x3  
  72  5:53  Probe x2 (Chrono Boost)  
  72  5:54  Probe (Chrono Boost)  
  80  6:00  Pylon  
  82  6:05  Probe x2 (Chrono Boost), Immortal  
  82  6:07  Probe (Chrono Boost)  
  87  6:15  Immortal  
  87  6:17  Probe x2 (Chrono Boost)  
  90  6:19  Probe (Chrono Boost)  
  94  6:28  Gateway  
  94  6:31  Gateway  
  94  6:32  Gateway  
  94  6:35  Gateway  
  94  6:37  Sentry  
  94  6:38  Sentry  
  98  6:41  Gateway  
  98  6:45  Warp Prism, Gateway  
  98  6:52  Observer  
  100  6:55  Pylon  
  100  6:59  Pylon  
  101  7:08  Pylon  
  101  7:09  Pylon  
  103  7:15  Stalker, Probe x2 (Chrono Boost)  
  103  7:16  Stalker x2  
  109  7:27  Pylon x2  
  109  7:31  Adept x3  
  101  7:44  Adept x5  
  101  7:51  Protoss Ground Weapons Level 2  
  105  7:53  Adept x3  
  100  8:00  Probe x3 (Chrono Boost)  
  100  8:04  Photon Cannon  
  100  8:05  Pylon  
  100  8:06  Stalker  
  100  8:07  Adept x3  
  100  8:08  Adept  
  110  8:20  Assimilator  
  110  8:23  Assimilator  
  110  8:25  Adept x4  
  116  8:28  Adept x2  
  116  8:29  Adept x3  
  126  8:35  Observer  
  127  8:54  Adept  
  127  8:55  Adept x6  
  129  8:56  Adept  
  129  9:01  Blink  
  117  9:04  Observer  
  115  9:19  Stalker x5  
  115  9:20  Stalker x2  
  115  9:24  Probe x3 (Chrono Boost)  
  132  9:26  Pylon  
  132  9:28  Pylon  
  100  9:47  Adept x4  
  100  9:48  Adept x5  
  100  9:52  Adept x4  
  94  9:53  Adept x5  
  104  10:10  Protoss Ground Weapons Level 3  
  104  10:11  Pylon x2  
  104  10:13  Photon Cannon  
  104  10:15  Sentry x2  
  104  10:16  Stalker x3, Sentry  
  104  10:17  Stalker x2  
  120  10:25  Nexus  
  120  10:33  Adept  
  122  10:40  Adept x6  
  129  11:12  Immortal x2  
  121  11:26  Robotics Bay  
  121  11:29  Adept  
  121  11:30  Adept x7  
  135  11:41  Nexus  
  135  11:46  Immortal x2  
  113  12:04  Sentry x4  
  121  12:08  Adept  
  121  12:09  Adept  
  125  12:18  Stalker x2, Pylon  
  125  12:19  Stalker  
  125  12:20  Disruptor x2  
  135  12:37  Photon Cannon  
  135  12:41  Photon Cannon  
  135  12:43  Pylon  
  135  12:49  Adept  
  135  12:50  Adept x6  
  149  12:54  Adept x2  
  151  13:02  Disruptor x2  
  151  13:03  Assimilator  
  154  13:07  Assimilator  
  155  13:29  Adept x4  

Tags
 
Add a new tag
Caveats
  • Supply blocks, unpowered buildings, or Contaminate may cause inaccurate times.
  • Supply counts are checked every 10 seconds.